Map: Bridgehead LE (Void)

Players

wabbajack - Winner!

  • Race: Zerg Zerg
  • League: Gold

VOD

Have the link to the VOD?

Description

Time

  • Played on: July 18, 2015, 8:26 p.m.
  • Length: 4:22
Show
View Real Time Build Order
Export as new Build Order

wabbajack Zerg - Winner!

Build Orders: Hatch First 

Get SALT Encoding   

  12  0:02  Drone  
  12  0:14  Overlord  
  12  0:18  Drone  
  12  0:24  Drone, Extractor  
  12  0:33  Drone  
  12  0:36  Drone  
  12  0:56  Hatchery  
  12  0:57  Extractor  
  12  0:58  Drone  
  12  1:01  Drone  
  12  1:16  Spawning Pool  
  12  1:19  Drone  
  12  1:25  Drone  
  12  1:30  Drone  
  12  1:43  Overlord  
  12  2:03  Metabolic Boost  
  12  2:04  Queen  
  12  2:09  Zergling x2  
  12  2:10  Drone  
  12  2:15  Drone x2  
  12  2:21  Queen  
  12  2:24  Zergling x4  
  12  2:35  Zergling x2  
  12  2:36  Zergling x2  
  12  2:41  Zergling x2  
  12  2:48  Overlord  
  12  2:57  Pneumatized Carapace  
  12  3:12  Zergling x8  
  12  3:25  Overlord  
  12  3:26  Drone x5  
  12  3:39  Hatchery  
Tags
 
Add a new tag
Caveats
  • Supply blocks, unpowered buildings, or Contaminate may cause inaccurate times.
  • Supply counts are checked every 10 seconds.